 Dungeon Crawl Stone Soup version 0.26-a0-752-gcff87cac9a (webtiles) character file.

Game seed: 17302834135367403297

44 Antenora the Skirmisher (level 3, -4/30 HPs)
             Began as a Demonspawn Abyssal Knight on Nov 6, 2020.
             Was a Follower of Lugonu.
             Slain by an adder (5 damage)
             ... on level 2 of the Dungeon.
             The game lasted 00:07:01 (1173 turns).

Antenora the Skirmisher (Demonspawn Abyssal Knight) Turns: 1173, Time: 00:07:02

Health: -4/30      AC:  5    Str: 12 (13) XL:     3   Next: 39%
Magic:  5/5        EV: 11    Int: 13      God:    Lugonu [*.....]
Gold:   33         SH:  0    Dex: 12      Spells: 2/2 levels left

rFire    . . .     SeeInvis .   a - +1 falchion
rCold    . . .     Faith    .   (no shield)
rNeg     . . .     Spirit   .   b - +0 leather armour
rPois    +         Reflect  .   (helmet restricted)
rElec    .         Harm     .   (no cloak)
rCorr    .         Rampage  .   (no gloves)
MR       .....                  (no boots)
Stlth    +.........             (no amulet)
HPRegen  0.10/turn              (no ring)
MPRegen  0.09/turn              (no ring)

@: lethally poisoned (-4 -> -5)
A: antennae 1, demonic guardian 1, deterioration 1, poison resistance, shaggy
fur 2
a: Depart the Abyss, Renounce Religion


You were on level 2 of the Dungeon.
You worshipped Lugonu.
Lugonu was aware of your devotion.
You visited 1 branch of the dungeon, and saw 2 of its levels.
You visited the Abyss 1 time.

You collected 33 gold pieces.

Inventory:

Hand Weapons
 a - a +1 falchion (weapon)
Armour
 b - a +0 leather armour (worn)


   Skills:
 + Level 3.7 Fighting
 + Level 2.2 Long Blades
 + Level 2.0 Armour
 + Level 1.0 Dodging
 * Level 3.1 Invocations


You had 2 spell levels left.
You didn't know any spells.
Your spell library was empty.

Dungeon Overview and Level Annotations

Branches:
Dungeon (2/15)

Altars:


Innate Abilities, Weirdness & Mutations

You have a pair of small antennae on your head.
A weak demonic guardian rushes to your aid.
Your body sometimes deteriorates upon taking damage.
Your system is resistant to poisons. (rPois)
You are covered in thick fur. (AC +2)


Message History

The kobold hits you but does no damage. The adder bites you.
* * * LOW HITPOINT WARNING * * *
You see here an adder corpse.
You hit the adder.
The adder is moderately wounded.
The adder bites you.
* * * LOW HITPOINT WARNING * * *
The kobold hits you but does no damage. The adder bites you but does no damage.
The kobold hits you but does no damage.
You hit the adder.
The adder is heavily wounded.
* * * LOW HITPOINT WARNING * * *
You feel sick. The adder completely misses you.
You riposte.
You hit the adder but do no damage.
The adder is heavily wounded.
The kobold hits you but does no damage.
You closely miss the adder.
The adder is heavily wounded.
The adder bites you.
You die...

#......... #...#
.......... ...#
.........##..###
..............#
#.#............
###########.#...........#
#.......................#
#...<......K##..........#
#.......)...@.....>......
#[..........S............
#..........###..........#
############ ############


You could see an adder and a kobold.

Vanquished Creatures
  An adder (D:2)
  An ooze (D:1)
  2 dart slugs
  A ball python (D:1)
  2 giant cockroaches
  2 hobgoblins (D:1)
  3 jackals (D:1)
  4 bats
  2 goblins (D:1)
  5 kobolds
  2 rats (D:1)
25 creatures vanquished.

Vanquished Creatures (others)
  A giant cockroach (D:2)
1 creature vanquished.

Grand Total: 26 creatures vanquished

Notes
Turn   | Place    | Note
-------+----------+-------------------------------------------
     0 | Abyss:1  | Antenora the Demonspawn Abyssal Knight began the quest for
                  | the Orb.
     0 | Abyss:1  | Reached XP level 1. HP: 18/18 MP: 2/2
    74 | D:1      | Escaped the Abyss
   244 | D:1      | Gained mutation: A weak demonic guardian rushes to your
                  | aid. [demonic ancestry]
   244 | D:1      | Reached XP level 2. HP: 17/24 MP: 4/4
   247 | D:1      | Reached * piety under Lugonu
   290 | D:1      | Gained mutation: Your system is resistant to poisons.
                  | (rPois) [potion of mutation]
   290 | D:1      | Gained mutation: You are covered in fur. (AC +1) [potion of
                  | mutation]
   290 | D:1      | Gained mutation: Your body sometimes deteriorates upon
                  | taking damage. [potion of mutation]
   290 | D:1      | Gained mutation: You are covered in thick fur. (AC +2)
                  | [potion of mutation]
   904 | D:2      | Gained mutation: You have a pair of small antennae on your
                  | head. [demonic ancestry]
   904 | D:2      | Reached XP level 3. HP: 29/29 MP: 5/5
  1148 | D:2      | Reached skill level 1 in Dodging
  1172 | D:2      | HP: 1/30 [poisoned by an adder]
  1173 | D:2      | Slain by an adder

Illustrated notes

Levels and vault maps discovered:
D:1:      sevenhm_arrival_forest_fort_small_6, layout_loops_ring, serial_rivers,
          chequers_serial_rivers_room_a, chequers_serial_rivers_small_3,
          chequers_serial_rivers_micro_a, chequers_serial_rivers_room_a,
          chequers_serial_rivers_small_b, chequers_serial_rivers_micro_e
D:2:      layout_rooms, lemuel_flame_loot_1

Skill      XL: |  1  2  3 |
---------------+----------+-----
Long Blades    | 2 |  2.2
Armour         | 2 |  2.0
Invocations    | 3 |  3.1
Dodging        | 1 |  1.0
Fighting       | |  3.7

Action                   || total
-------------------------++-------
Melee: Falchion          ||    98
Invok: Depart the Abyss  ||     1
  Use: Potion            ||     4
       Scroll            ||     1
Armor: Leather armour    ||    42
Dodge: Dodged            ||    77
       Rpst.: Falchion   ||    23

Table legend: (Time is in decaauts)
 A = Elapsed time spent in this place.
 B = Non-inter-level travel time spent in this place.
 C = Inter-level travel time spent in this place.
 D = Time resting spent in this place.
 E = Time spent auto-exploring this place.
 F = Levels seen in this place.
 G = Mean time per level.
                   A        B        C        D        E       F      G
               +--------+--------+--------+--------+--------+-----+--------+
         Total |   1200 |   1161 |     39 |    200 |      0 |   3 |  400.0 |
       Dungeon |   1123 |   1084 |     39 |    200 |      0 |   2 |  561.5 |
         Abyss |     77 |     77 |      0 |      0 |      0 |   1 |   77.0 |
               +--------+--------+--------+--------+--------+-----+--------+

Top non-repeatable levels by time:
     D:1: 848 daAuts
     D:2: 274 daAuts
 Abyss:1: 77 daAuts
